 Dungeon Crawl Stone Soup version 0.28-a0-1435-g82390b3a13 (webtiles) character file.

Game seed: 6529478658769312296

60 voltaire321 the Conjurer (level 3, -1/20 HPs)
             Began as a Deep Elf Conjurer on Jan 9, 2022.
             Slain by a goblin (3 damage)
             ... led by Robin
             ... on level 2 of the Dungeon.
             The game lasted 00:03:55 (1169 turns).

voltaire321 the Conjurer (Deep Elf Conjurer)        Turns: 1169, Time: 00:03:56

Health: -1/20      AC:  2    Str:  6    XL:     3   Next: 80%
Magic:  2/10       EV: 13    Int: 22    God:
Gold:   96         SH:  0    Dex: 13    Spells: 6/9 levels left

rFire   . . .      SeeInvis .   (no weapon)
rCold   . . .      Faith    .   (no shield)
rNeg    . . .      Spirit   .   a - +0 robe
rPois   .          Reflect  .   (no helmet)
rElec   .          Harm     .   (no cloak)
rCorr   .          Rampage  .   (no gloves)
Will    .....                   (no boots)
Stlth   ++........              (no amulet)
HPRegen 0.06/turn               (no ring)
MPRegen 0.12/turn               (no ring)

@: no status effects
A: no striking features
a: no special abilities


You were on level 2 of the Dungeon.
You visited 1 branch of the dungeon, and saw 2 of its levels.

You collected 96 gold pieces.

Inventory:

Armour
 a - a +0 robe (worn)
Scrolls
 b - a scroll of silence {unknown}
 c - a scroll of teleportation {unknown}
 d - a scroll of identify {unknown}
 e - a scroll of summoning {unknown}


   Skills:
 + Level 1.2 Fighting
 + Level 3.2 Dodging
 - Level 2.4 Stealth
 + Level 3.8 Spellcasting
 + Level 4.8 Conjurations


You had 6 spell levels left.
You knew the following spells:

 Your Spells              Type           Power      Damage    Failure   Level
a - Magic Dart            Conj           100%       1d8       1%          1
b - Searing Ray           Conj           50%        2d6       2%          2

Your spell library contained the following spells:

 Spells                   Type           Power      Damage    Failure   Level
 Dazzling Flash           Conj/Hex       28%        N/A       13%         3
 Fulminant Prism          Conj/Hex       7%         3d7       38%         4
 Iskenderun's Mystic Bla  Conj/Tloc      14%        2d5       38%         4


Dungeon Overview and Level Annotations

Branches:
Dungeon (2/15)

Altars:


Message History

Casting: Searing Ray (safe; 2% risk of failure)
Confirm with . or Enter, or press ? or * to list all spells.
You don't have enough magic to cast this spell.
Unknown command.
You closely miss the goblin. The goblin closely misses you.
The goblin shouts!
You hit the goblin.
The goblin is moderately wounded.
The goblin hits you with a +0 dagger. The goblin barely misses you.
You hit the goblin.
The goblin is severely wounded.
The goblin hits you with a +0 dagger. The goblin barely misses you.
You closely miss the goblin.
The goblin is severely wounded.
The goblin barely misses you. The goblin closely misses you.
You closely miss the goblin.
The goblin is severely wounded.
The goblin hits you with a +0 dagger.
* * * LOW HITPOINT WARNING * * *
The goblin misses you.
You hit the goblin but do no damage.
The goblin is severely wounded.
The goblin barely misses you. The goblin hits you with a +0 club.
* * * LOW HITPOINT WARNING * * *
You hit the goblin but do no damage.
The goblin is severely wounded.
The goblin misses you. x2
You hit the goblin.
You kill the goblin!
The goblin hits you but does no damage.
Things that are here:
a +0 club; a goblin corpse A bat comes into view.
The bat closely misses you. The goblin barely misses you.
You barely miss the bat. The bat barely misses you.
The bat hits you but does no damage. The goblin closely misses you.
You hit the bat.
The bat is moderately wounded.
The bat hits you but does no damage. The goblin hits you with a +0 dagger.
You die...

#.##.............### ..
#.#.#########...# ...#.
###.# .# ## #######.#
......#.# #..†###
##..... ...#######
#..... #..b..@g######
###...
#######ggg...#######...
######.).†)).....
#########... #... #...
#... ####


You could see 4 goblins and a bat.

Vanquished Creatures
  Robin (D:2)
  An adder (D:2)
  A dart slug (D:1)
  4 bats (D:1)
  3 endoplasms
  2 giant cockroaches
  8 goblins
  6 hobgoblins
  3 quokkas (D:1)
  2 ball pythons
  2 frilled lizards (D:1)
  3 rats (D:1)
36 creatures vanquished.

Vanquished Creatures (others)
  3 fungi (D:1)
  6 plants (D:1)
9 creatures vanquished.

Grand Total: 45 creatures vanquished

Notes
Turn   | Place    | Note
-------+----------+-------------------------------------------
     0 | D:1      | voltaire321 the Deep Elf Conjurer began the quest for the
                  | Orb.
     0 | D:1      | Reached XP level 1. HP: 10/10 MP: 6/6
   167 | D:1      | Reached XP level 2. HP: 11/16 MP: 1/8
   254 | D:1      | Found a faded altar of an unknown god.
   342 | D:1      | Learned a level 2 spell: Searing Ray
  1013 | D:2      | Reached XP level 3. HP: 20/20 MP: 5/10
  1107 | D:2      | Reached skill level 1 in Fighting
  1130 | D:2      | Noticed Robin
  1149 | D:2      | Killed Robin
  1157 | D:2      | HP: 1/20 [goblin[Robin] (2)]
  1169 | D:2      | Slain by a goblin

Illustrated notes

Levels and vault maps discovered:
D:1:      evilmike_arrival_fibonacci_small, layout_loops_ring,
          dreamdust_ecumenical_altar_grove
D:2:      layout_rooms, grunt_decor_one_mirror, hangedman_decor_push,
          kennysheep_generic_room_16, uniq_robin, uniq_terence

Skill      XL: |  1  2  3 |
---------------+----------+-----
Dodging        | 3 |  3.2
Fighting       | 1 |  1.2
Stealth        | |  2.4
Spellcasting   | |  3.8
Conjurations   | |  4.8

Action                   || total
-------------------------++-------
Melee: Unarmed           ||    18
 Cast: Magic Dart        ||    55
       Searing Ray       ||     2
Armor: Robe              ||     5
Dodge: Dodged            ||    25

Table legend: (Time is in decaauts)
 A = Elapsed time spent in this place.
 B = Non-inter-level travel time spent in this place.
 C = Inter-level travel time spent in this place.
 D = Time resting spent in this place.
 E = Time spent auto-exploring this place.
 F = Levels seen in this place.
 G = Mean time per level.
                   A        B        C        D        E       F      G
               +--------+--------+--------+--------+--------+-----+--------+
         Total |   1168 |   1138 |     30 |    237 |    666 |   2 |  584.0 |
       Dungeon |   1168 |   1138 |     30 |    237 |    666 |   2 |  584.0 |
               +--------+--------+--------+--------+--------+-----+--------+

Top non-repeatable levels by time:
     D:1: 1008 daAuts
     D:2: 160 daAuts
